 Dungeon Crawl Stone Soup version 0.28.0 (console) character file.

Game seed: 7135491418840153087

221907 jejorda2 the Peltast (level 19, -18/106 HPs)
             Began as a Vine Stalker Berserker on Feb 7, 2022.
             Was the Champion of Trog.
             Demolished by Donald (20 damage)
             ... on level 4 of the Shoals on Feb 8, 2022.
             The game lasted 02:23:51 (37325 turns).

jejorda2 the Peltast (Vine Stalker Berserker)      Turns: 37325, Time: 02:23:52

Health: -18/106    AC: 32    Str: 27    XL:     19   Next: 22%
Magic:  0/20       EV: 12    Int:  7    God:    Trog [******]
Gold:   2656       SH: 14    Dex: 15    Spells: 18/18 levels left

rFire   + . .      SeeInvis .   a - +8 Vampire's Tooth {vamp}
rCold   + . .      Faith    +   M - +0 kite shield {rC+}
rNeg    . . .      Spirit   +   E - +18 Lear's hauberk
rPois   +          Reflect  .   (helmet currently unavailable)
rElec   .          Harm     .   H - +0 cloak {rPois}
rCorr   .          Rampage  .   (gloves currently unavailable)
Will    ++...                   (boots currently unavailable)
Stlth   ..........              x - amulet of faith
HPRegen 1.07/turn               z - ring of protection from fire
MPRegen 0.17/turn               U - ring of flight

@: flying, mesmerised, studying Invocations
A: fangs 3, regeneration 1, magic shield, antimagic bite, no potion heal 2
}: 1/15 runes: gossamer
a: Renounce Religion, Berserk, Trog's Hand, Brothers in Arms


You were on level 4 of the Shoals.
You worshipped Trog.
Trog was exalted by your worship.
You visited 5 branches of the dungeon, and saw 31 of its levels.
You also visited: Gauntlet and Ice Cave.

You collected 3235 gold pieces.
You spent 579 gold pieces at shops.

Inventory:

Hand Weapons
 a - the +8 Vampire's Tooth (weapon) {vamp}
   (You found it on level 6 of the Lair of Beasts)

   It occasionally heals its wielder for the full amount of damage dealt when it
   wounds a living foe.
Missiles
 f - 28 javelins
 k - 30 poisoned darts
 l - 2 silver javelins
 A - 4 silver boomerangs
 D - 18 boomerangs (quivered)
 L - 2 curare-tipped darts
 Z - 4 throwing nets
Armour
 E - the +18 Lear's hauberk (worn)
   (You acquired it on level 2 of the Lair of Beasts)
 H - a +0 cloak of poison resistance (worn)
 M - a +0 kite shield of cold resistance (worn)
Jewellery
 v - a ring of the Octopus King {rCorr AC+1 EV+1 Str+1 Int+1 Dex+1}
   (You bought it in a shop on level 3 of the Dungeon)

   [ring of resist corrosion]

   AC:        It affects your AC (+1).
   EV:        It affects your evasion (+1).
   Str:       It affects your strength (+1).
   Int:       It affects your intelligence (+1).
   Dex:       It affects your dexterity (+1).
   rCorr:     It protects you from acid and corrosion.
 x - an amulet of faith (around neck)
 z - a ring of protection from fire (left hand)
 U - a ring of flight (right hand)
 V - a ring of protection from fire
Wands
 h - a wand of iceblast (37)
 n - a wand of polymorph (14)
 p - a wand of paralysis (24)
 r - a wand of acid (23)
 w - a wand of digging (8)
 K - a wand of flame (29)
 T - a wand of charming (8)
Scrolls
 o - 18 scrolls of teleportation
 y - 2 scrolls of silence
 C - 9 scrolls of blinking
 F - a scroll of summoning
 J - 3 scrolls of fog
 N - a scroll of fear
 S - 2 scrolls of holy word
Potions
 d - 4 potions of cancellation
 e - 3 potions of resistance
 g - 8 potions of attraction
 i - 8 potions of might
 j - 2 potions of invisibility
 m - 5 potions of flight
 q - 4 potions of haste
 s - 2 potions of magic
 t - 6 potions of mutation
 B - 19 potions of curing
 G - 7 potions of ambrosia
Miscellaneous
 P - a phial of floods
 Q - a tin of tremorstones (1/2)
 X - a condenser vane


   Skills:
 + Level 14.1 Fighting
 - Level 10.0 Short Blades
 * Level 13.8 Throwing
 - Level 13.5 Armour
 - Level 9.0 Dodging
 - Level 17.7 Shields
 - Level 6.0 Evocations


You had 18 spell levels left.
You didn't know any spells.
Your spell library was empty.

Dungeon Overview and Level Annotations

Branches:
Dungeon (15/15)            Temple (0/1) D:5            Lair (6/6) D:11
 Shoals (4/4) Lair:3       Spider (4/4) Lair:2        Slime (0/5) Lair:6
    Orc (2/2) D:11            Elf (0/3) Orc:2        Vaults (0/5) D:13
 Depths (0/4) D:15          IceCv (visited)         Gauntlet (visited)

Altars:
Ashenzari
Dithmenos
Kikubaaqudgha
Okawaru
Qazlal
Sif Muna
Wu Jian
Xom
Zin

Shops:
D:3 *   D:5 *   Orc:1 !   Orc:2 [*[(   Shoals:2 *   Shoals:3 *

Portals:
Trove: D:11 (give 8 scrolls of fear)

Annotations:
Lair:3 2 transporters, WaxSun's ghost, journeyman DgEE
Shoals:4 Donald


Innate Abilities, Weirdness & Mutations

You have razor-sharp teeth.
Your natural rate of healing is unusually fast.
When hurt, damage is shared between your health and your magic reserves.
Your bite disrupts and absorbs the magic of your enemies.
Potions cannot restore your health.


Message History

Donald blocks your attack. x2
Donald is severely wounded.
You block Donald's attack. Donald blocks your attack. x2
Donald is severely wounded.
You hit Donald. Your bite misses Donald.
Donald is severely wounded.
You block Donald's attack.
The merfolk siren chants its luring song.
Donald blocks your attack. x2
Donald is severely wounded.
You hit Donald.
You feel better. Donald blocks your attack.
Donald is severely wounded.
Donald says, "I bet the Orb isn't even all that great."
Donald hits you with a +3 long sword of holy wrath.
* * * LOW HITPOINT WARNING * * *
You completely miss Donald. Donald blocks your attack.
Donald is severely wounded.
The merfolk siren chants its luring song.
You hit Donald. Your bite misses Donald.
Donald is severely wounded.
Donald misses you.
You hit Donald but do no damage.
Donald is severely wounded.
Donald hits you but does no damage.
Aiming: Paralyse
Press: ? - help, Shift-Dir - straight line, f - Donald
Aim: Donald, wielding a +3 long sword of holy wrath, wearing a +0 chain mail and wearing a +2 kite shield of reflection (severely wounded, fast, strong, magic disrupted, chance to affect: 6%)
Okay, then.
Unknown command.
Unknown command.
Donald's magic is no longer disrupted.
The merfolk siren chants its luring song.
Donald hits you with a +3 long sword of holy wrath!!
* * * LOW HITPOINT WARNING * * *
You puncture the merfolk siren! Your bite misses the merfolk siren.
The merfolk siren is moderately wounded.
The merfolk siren chants its luring song.
Donald hits you with a +3 long sword of holy wrath!!
You die...

≈≈≈≈≈≈≈≈≈P..P..≈#+#
≈≈≈≈≈≈≈≈≈......#...
≈≈≈≈≈≈≈≈≈≈≈≈≈≈≈# .
≈≈≈≈≈≈≈≈.##....#
≈≈≈≈≈≈≈.###....#
≈≈≈≈≈≈##...≈.≈.#
≈≈≈≈≈##...≈.....#
≈≈≈≈.#...≈..≈....
≈≈≈#..@@#.####≈.≈
≈≈≈.≈.m#### #
≈≈≈#...## ≈≈ #..#
#.# #.. #.# .


You could see Donald (fast, strong) and a merfolk siren (mesmerising).

Vanquished Creatures
  Bai Suzhen (Shoals:3)
  Jorgrun (Spider:2)
  Polyphemus (Shoals:2)
  Kirke (D:15)
  Frances (Shoals:2)
  Ilsuiw (Shoals:3)
  8 emperor scorpions
  Aizul (Shoals:1)
  Louise (D:15)
  7 ghost moths
  A quicksilver ooze (shapeshifter) (D:13)
  A reaper (IceCv)
  The ghost of cbfl8 the Bludgeoner, a journeyman MiBe of Trog (Shoals:1)
  3 broodmothers
  A minotaur (Gauntlet)
  An entropy weaver (Spider:4)
  3 spark wasps
  An ettin (D:15)
  A fire dragon (D:14)
  3 merfolk javelineers
  Snorg (D:12)
  Josephine (D:10)
  6 merfolk impalers
  3 catoblepae
  11 hydras
  An ogre mage (D:15)
  3 centaur warriors
  4 boulder beetles
  2 death knights
  4 satyrs (Shoals:3)
  4 merfolk aquamancers
  A merfolk avatar (Shoals:3)
  6 two-headed ogres
  7 death yaks
  4 tengu warriors
  A deep troll shaman (Lair:6)
  6 orc high priests
  2 skeletal warriors (D:13)
  6 sea snakes
  A sun moth (Spider:4)
  5 pharaoh ants
  A flayed ghost (D:10)
  2 sixfirhies (Gauntlet)
  9 steelbarb worms
  6 orb spiders
  4 lindwurms
  2 deep trolls
  14 harpies (Shoals:3)
  A phantasmal warrior (D:13)
  A necromancer (D:15)
  2 deep elf pyromancers (D:13)
  9 orc knights
  22 fauns
  13 ugly things
  5 orc sorcerers
  4 cyclopes
  16 wolf spiders
  13 manticores
  4 elephants (Lair:6)
  A guardian serpent (shapeshifter) (D:13)
  2 moths of wrath
  2 ice statues (IceCv)
  4 black mambas
  7 merfolk sirens
  Maurice (D:12)
  3 water nymphs
  9 cane toads
  5 torpor snails
  A cane toad (shapeshifter) (D:13)
  6 demonic crawlers
  4 kobold demonologists
  A freezing wraith (D:15)
  6 ice devils (IceCv)
  An unseen horror (D:10)
  15 komodo dragons
  6 rime drakes
  A tengu conjurer (D:15)
  4 anaconda simulacra (IceCv)
  2 entropy weaver simulacra (IceCv)
  21 merfolk
  2 trolls (Orc:2)
  12 meliai
  Grinder (D:5)
  A wind drake (Shoals:3)
  3 polar bears (Lair:6)
  22 tarantellas
  Prince Ribbit (D:5)
  9 slime creatures
  21 blink frogs
  2 snapping turtles
  8 dream sheep (Shoals:3)
  A snapping turtle (shapeshifter) (D:13)
  17 jumping spiders
  16 water elementals
  13 culicivoras
  A shadow (D:10)
  13 flying skulls (Gauntlet)
  8 wraiths
  11 wyverns
  3 dire elephant simulacra (IceCv)
  4 hogs (D:15)
  80 yaks
  6 basilisks
  33 redbacks
  A steam dragon (D:6)
  A death yak simulacrum (IceCv)
  A harpy simulacrum (IceCv)
  9 vampire mosquitoes
  5 wargs
  8 water moccasins
  3 acid dragons
  Duvessa (D:5)
  2 hell hounds (D:15)
  A swamp drake (D:11)
  4 sky beasts
  An ice beast (shapeshifter) (D:15)
  A black bear (Lair:6)
  3 ice beasts
  37 orc warriors
  13 ogres
  33 wolves
  The ghost of Sharkman1231 the Sneak, an amateur DsDe (D:4)
  12 centaurs
  3 phantoms
  5 kobold brigands
  Blork the orc (D:5)
  12 bullfrogs
  7 scorpions
  A water moccasin zombie (D:4)
  Dowan (D:5)
  8 killer bees
  2 electric eels (D:10)
  7 wights (D:8)
  5 howler monkeys
  A centaur zombie (D:4)
  2 bullfrog zombies
  14 jellies
  25 orc priests
  2 hounds (D:5)
  A centaur skeleton (D:7)
  An iguana (D:5)
  A scorpion zombie (D:5)
  31 orc wizards
  4 hell rats (D:15)
  A spriggan simulacrum (IceCv)
  A wolf simulacrum (IceCv)
  A killer bee zombie (D:4)
  2 hound skeletons (D:4)
  A mummy (D:4)
  3 howler monkey zombies
  2 howler monkey skeletons
  5 adders
  A white imp (D:8)
  An ufetubus (IceCv)
  4 worms
  4 dart slugs
  96 orcs
  12 ball pythons
  9 endoplasms
  15 giant cockroaches
  4 goblins
  8 hobgoblins
  4 jackals (D:3)
  3 quokkas
  5 bats
  A frilled lizard (D:2)
  38 kobolds
  7 rats
1135 creatures vanquished.

Vanquished Creatures (collateral kills)
  The ghost of garrulousMonolith the Blocker, a journeyman GnFi of Cheibriados (Lair:6)
  The ghost of Puepiyp the Fighter, a journeyman VSTm of Dithmenos (Lair:6)
  The ghost of Hest the Carver, a journeyman TeBe of Trog (Lair:6)
  A boulder beetle (D:15)
  Fannar (Lair:2)
  The ghost of Wogokhlo the Spry, a journeyman FeBe of Trog (Lair:6)
  A catoblepas (D:15)
  3 death yaks (Shoals:2)
  A two-headed ogre (D:15)
  An orb spider (Spider:1)
  A necromancer (D:15)
  An ugly thing (D:15)
  3 fauns
  A cane toad (Lair:2)
  A komodo dragon (Lair:2)
  3 merfolk (Shoals:3)
  A tarantella (Spider:1)
  A hog (D:15)
  A wyvern (D:15)
  A yak (D:11)
  2 vampire mosquitoes (D:11)
  A black bear (D:11)
  2 bullfrogs (D:11)
  2 cane toad simulacra (Lair:2)
  An electric eel (Lair:2)
  An iguana (D:7)
  A polar bear simulacrum (Lair:2)
  A hell rat (D:15)
37 creatures vanquished.

Vanquished Creatures (others)
  An orc priest (Orc:2)
  A white imp (D:6)
  15 fungi
  105 plants
  2 withered plants (D:1)
124 creatures vanquished.

Grand Total: 1296 creatures vanquished

Notes
Turn   | Place    | Note
-------+----------+-------------------------------------------
     0 | D:1      | jejorda2 the Vine Stalker Berserker began the quest for the
                  | Orb.
     0 | D:1      | Reached XP level 1. HP: 11/11 MP: 2/2
   692 | D:1      | Reached XP level 2. HP: 7/16 MP: 3/3
  1835 | D:1      | Found a faded altar of an unknown god.
  1864 | D:1      | Reached XP level 3. HP: 20/20 MP: 4/4
  2572 | D:2      | Reached ** piety under Trog
  3131 | D:2      | Gained mutation: Your natural rate of healing is unusually
                  | fast. [Vine Stalker growth]
  3131 | D:2      | Reached XP level 4. HP: 24/24 MP: 5/5
  3896 | D:3      | Reached XP level 5. HP: 28/28 MP: 6/6
  3932 | D:3      | Reached *** piety under Trog
  4041 | D:3      | Found Ziceraan's Assorted Antiques.
  4247 | D:3      | Reached XP level 6. HP: 27/33 MP: 7/7
  4332 | D:4      | Noticed an ice beast
  4346 | D:4      | Killed an ice beast
  4353 | D:4      | Reached skill level 5 in Short Blades
  4719 | D:3      | Bought a ring of the Octopus King for 90 gold pieces
  4719 | D:3      | Found the ring of the Octopus King {rCorr AC+1 EV+1 Str+1
                  | Int+1 Dex+1}
  4719 | D:3      | Found the ring of the Octopus King {rCorr AC+1 EV+1 Str+1
                  | Int+1 Dex+1}
  4812 | D:5      | Entered Level 5 of the Dungeon
  4830 | D:5      | Noticed an ice beast
  4839 | D:5      | Killed an ice beast
  4840 | D:5      | Reached XP level 7. HP: 37/37 MP: 8/8
  5072 | D:4      | Identified the +6 chain mail of Idealism {rF+ rN+ Dex-5
                  | SInv}
  5177 | D:4      | Found a transporter.
  5177 | D:4      | Noticed Sharkman1231's ghost (amateur DsDe)
  5209 | D:4      | Found a transporter.
  5291 | D:4      | Found a shimmering blue altar of Sif Muna.
  5345 | D:4      | Gained mutation: You have razor-sharp teeth. [Vine Stalker
                  | growth]
  5345 | D:4      | Reached XP level 8. HP: 33/42 MP: 7/9
  5651 | D:3      | Bought a dented beryl amulet for 90 gold pieces
  5804 | D:5      | Found Wahiduwn's Assorted Antiques.
  5869 | D:5      | Reached skill level 5 in Fighting
  6003 | D:5      | Noticed Grinder
  6004 | D:5      | Noticed Blork the orc
  6032 | D:5      | Killed Blork the orc
  6050 | D:5      | Killed Grinder
  6126 | D:5      | Found a staircase to the Ecumenical Temple.
  6132 | D:5      | You fall into a shaft and drop 3 floors!
  6471 | D:7      | Reached XP level 9. HP: 48/48 MP: 10/10
  6632 | D:6      | Found a glowing silver altar of Zin.
  6642 | D:5      | Reached skill level 5 in Armour
  6688 | D:5      | Noticed Prince Ribbit
  6709 | D:5      | Killed Prince Ribbit
  6779 | D:5      | Noticed Duvessa
  6779 | D:5      | Noticed Dowan
  6798 | D:5      | Killed Duvessa
  6804 | D:5      | Killed Dowan
  7077 | D:5      | Bought a scroll labelled SARPHE YJAZODUB for 25 gold pieces
  7077 | D:5      | Bought a fizzy emerald potion for 22 gold pieces
  7135 | D:6      | Found a stormy altar of Qazlal.
  7289 | D:6      | Reached **** piety under Trog
  7423 | D:6      | Found a broken altar of Ashenzari.
  7425 | D:6      | Found a shimmering altar of Xom.
  7425 | D:6      | Found a shadowy altar of Dithmenos.
  7942 | D:7      | Identified the +1 ring mail "Kemm" {Fly rPois}
  8153 | D:7      | Reached XP level 10. HP: 53/53 MP: 11/11
  8186 | D:7      | Reached skill level 10 in Short Blades
  9635 | D:5      | Bought a thick silver amulet for 125 gold pieces
  9931 | D:9      | Reached ***** piety under Trog
  9942 | D:9      | Received a gift from Trog
  9962 | D:9      | Identified a scroll of acquirement
  9962 | D:9      | Acquired a +1 buckler of cold resistance
 10116 | D:9      | Noticed a two-headed ogre
 10121 | D:9      | Killed a two-headed ogre
 10122 | D:9      | Reached skill level 2 in Shields
 10248 | D:9      | Acquired a manual of Throwing
 10592 | D:10     | Entered Level 10 of the Dungeon
 10691 | D:10     | Noticed Josephine
 10717 | D:10     | Reached skill level 1 in Throwing
 10726 | D:10     | Reached skill level 3 in Shields
 10737 | D:10     | Killed Josephine
 10751 | D:10     | Reached XP level 11. HP: 59/59 MP: 12/12
 10769 | D:10     | Reached skill level 4 in Shields
 10948 | D:10     | Noticed a flayed ghost
 11109 | D:10     | Noticed a tengu warrior
 11167 | D:10     | Killed a tengu warrior
 11219 | D:10     | Killed a flayed ghost
 11220 | D:10     | Reached skill level 5 in Shields
 11434 | D:10     | Reached skill level 5 in Throwing
 11694 | D:10     | Noticed a green ugly thing
 11707 | D:10     | Killed a green ugly thing
 12045 | D:11     | Reached skill level 6 in Shields
 12291 | D:11     | Noticed a two-headed ogre
 12304 | D:11     | Killed a two-headed ogre
 12318 | D:11     | Found a staircase to the Orcish Mines.
 12336 | D:11     | Reached XP level 12. HP: 64/65 MP: 13/13
 12434 | D:11     | Found a staircase to the Lair.
 12497 | D:11     | Found a portal to a secret trove of treasure.
 13015 | D:3      | Bought a copper wand for 72 gold pieces
 13015 | D:3      | Bought a scroll of blinking for 135 gold pieces
 13316 | Lair:1   | Entered Level 1 of the Lair of Beasts
 13317 | Lair:1   | Noticed a seven-headed hydra
 13328 | Lair:1   | Killed a seven-headed hydra
 13571 | Lair:1   | Reached skill level 7 in Shields
 13648 | Lair:1   | Noticed a six-headed hydra
 13664 | Lair:1   | Killed a six-headed hydra
 14031 | Lair:1   | Identified the +1 dagger "Gaukh" {freeze, Will+ Str+2}
 14039 | Lair:1   | Noticed an eight-headed hydra
 14056 | Lair:1   | Killed an eight-headed hydra
 14064 | Lair:1   | Identified the +5 war axe "Transmigrator" {freeze, rPois
                  | Dex+6}
 14856 | Lair:2   | Noticed Fannar
 14862 | Lair:2   | Killed Fannar
 14863 | Lair:2   | Reached skill level 10 in Throwing
 14890 | Lair:2   | Found a frozen archway.
 14900 | Lair:2   | Reached XP level 13. HP: 72/72 MP: 14/14
 14908 | IceCv    | Entered an ice cave
 15107 | IceCv    | Reached skill level 10 in Fighting
 15239 | IceCv    | Reached skill level 8 in Shields
 15621 | IceCv    | Noticed a reaper
 15642 | IceCv    | Killed a reaper
 15819 | Lair:2   | Received a gift from Trog
 15954 | Lair:2   | Found a hole to the Spider Nest.
 16279 | Lair:2   | Acquired the +18 Lear's hauberk
 16279 | Lair:2   | Found the +18 Lear's hauberk
 16852 | Lair:3   | Found a staircase to the Shoals.
 16883 | Lair:3   | Reached skill level 10 in Armour
 17272 | Lair:3   | Reached skill level 9 in Shields
 17664 | Lair:3   | Noticed WaxSun's ghost (journeyman DgEE)
 17679 | Lair:3   | Found a transporter.
 17689 | Lair:3   | Found a transporter.
 17910 | Lair:3   | Reached XP level 14. HP: 79/79 MP: 15/15
 18442 | D:4      | Killed Sharkman1231's ghost
 19145 | Lair:4   | Identified the +0 leather armour of Sodaw {Dex+3}
 20051 | Lair:5   | Reached skill level 1 in Evocations
 20321 | Lair:6   | Entered Level 6 of the Lair of Beasts
 20328 | Lair:6   | Found a runed translucent gate.
 20343 | Lair:6   | Found a runed translucent gate.
 20452 | Lair:6   | Received a gift from Trog
 20455 | Lair:6   | Reached ****** piety under Trog
 20559 | Lair:6   | Reached skill level 10 in Shields
 21414 | Lair:6   | Received a gift from Trog
 21483 | Lair:6   | Reached skill level 5 in Evocations
 21584 | Lair:6   | Found a runed translucent gate.
 21587 | Lair:6   | Noticed Puepiyp's ghost (journeyman VSTm)
 21587 | Lair:6   | Noticed Hest's ghost (journeyman TeBe)
 21588 | Lair:6   | Noticed Wogokhlo's ghost (journeyman FeBe)
 21588 | Lair:6   | Found the +8 Vampire's Tooth {vamp}
 21590 | Lair:6   | Noticed garrulousMonolith's ghost (journeyman GnFi)
 21882 | Lair:6   | Found a staircase to the Slime Pits.
 22364 | Lair:6   | Reached XP level 15. HP: 84/84 MP: 16/16
 22506 | Lair:6   | Killed Puepiyp's ghost
 22508 | Lair:6   | Killed Hest's ghost
 22511 | Lair:6   | Killed Wogokhlo's ghost
 22513 | Lair:6   | Killed garrulousMonolith's ghost
 22841 | D:12     | Noticed Maurice
 22849 | D:12     | Killed Maurice
 23192 | D:12     | Reached skill level 11 in Shields
 23216 | D:12     | Noticed Snorg
 23234 | D:12     | Killed Snorg
 23663 | D:13     | Received a gift from Trog
 23724 | D:13     | Found a gate to the Vaults.
 23937 | D:13     | Found a gate leading to a gauntlet.
 23944 | Gauntlet | Entered a Gauntlet
 23944 | Gauntlet | Found a transporter.
 23944 | Gauntlet | Found a transporter.
 23944 | Gauntlet | Found a transporter.
 23945 | Gauntlet | Found a transporter.
 23948 | Gauntlet | Found a transporter.
 23958 | Gauntlet | Found a transporter.
 24025 | Gauntlet | Found a transporter.
 24037 | Gauntlet | Found a transporter.
 24051 | Gauntlet | Found a transporter.
 24067 | Gauntlet | Found a transporter.
 24076 | Gauntlet | Found a transporter.
 24082 | Gauntlet | Found a transporter.
 24198 | Gauntlet | Received a gift from Trog
 24283 | Gauntlet | Reached skill level 12 in Shields
 24303 | Gauntlet | Identified the amulet "Elugg" {Acrobat Harm Fly Will++
                  | Dex-2}
 24320 | Gauntlet | Identified the +10 flail of Naqigym {vorpal, rN++ Str+6
                  | Int-5}
 24396 | Gauntlet | Identified the ring of Xoycid {rN+ Will+ rCorr Str-5 Int+4}
 25031 | D:14     | Found an iron altar of Okawaru.
 25853 | Orc:1    | Entered Level 1 of the Orcish Mines
 25946 | Orc:1    | Found Lerr's Distillery.
 25966 | Orc:1    | Reached skill level 13 in Shields
 25990 | Orc:1    | Received a gift from Trog
 25991 | Orc:1    | Reached XP level 16. HP: 77/88 MP: 14/17
 26054 | Orc:1    | Reached skill level 5 in Dodging
 26531 | Orc:2    | Entered Level 2 of the Orcish Mines
 26786 | Orc:2    | Found Soyterry's Antique Armour Shop.
 26836 | Orc:2    | Paralysed by an orc sorcerer for 6 turns
 26917 | Orc:2    | Received a gift from Trog
 26918 | Orc:2    | Found Nih Ixocw's Armour Emporium.
 26975 | Orc:2    | Found Culamp's Weapon Emporium.
 26987 | Orc:2    | Found Lesy's General Store.
 27373 | Orc:2    | Found a staircase to the Elven Halls.
 27891 | D:15     | Entered Level 15 of the Dungeon
 28054 | D:15     | Reached skill level 14 in Shields
 28125 | D:15     | Identified the +5 short sword of the Wasteland {flame, Fly
                  | rF+ Int-2 Dex+6} (Trog gifted it to you on level 15 of the
                  | Dungeon)
 28125 | D:15     | Received a gift from Trog
 28146 | D:15     | Noticed Louise
 28199 | D:15     | Killed Louise
 28282 | D:15     | Found a staircase to the Depths.
 28504 | D:15     | Found an ornate altar of the Wu Jian Council.
 28581 | D:15     | Noticed Kirke
 28603 | D:15     | Killed Kirke
 28647 | D:15     | Reached skill level 15 in Shields
 28741 | D:15     | Found an ancient bone altar of Kikubaaqudgha.
 28893 | Spider:1 | Entered Level 1 of the Spider Nest
 29246 | Spider:1 | Received a gift from Trog
 29251 | Spider:1 | Reached XP level 17. HP: 88/93 MP: 16/18
 30140 | Spider:2 | Noticed Jorgrun
 30161 | Spider:2 | Killed Jorgrun
 31840 | Spider:3 | Reached skill level 16 in Shields
 32094 | Spider:4 | Entered Level 4 of the Spider Nest
 32401 | Spider:4 | Received a gift from Trog
 33046 | Spider:4 | Received a gift from Trog
 33254 | Spider:4 | Reached XP level 18. HP: 97/99 MP: 17/19
 33391 | Spider:4 | Got a gossamer rune of Zot
 33762 | Shoals:1 | Entered Level 1 of the Shoals
 33956 | Shoals:1 | Noticed Aizul
 33989 | Shoals:1 | Killed Aizul
 34141 | Shoals:1 | Reached skill level 17 in Shields
 34187 | Shoals:1 | Found a runed translucent gate.
 34187 | Shoals:1 | Found a runed translucent gate.
 34187 | Shoals:1 | Found a runed translucent gate.
 34187 | Shoals:1 | Noticed cbfl8's ghost (journeyman MiBe)
 34215 | Shoals:1 | Killed cbfl8's ghost
 34679 | Shoals:1 | Received a gift from Trog
 34897 | Shoals:2 | Noticed Polyphemus
 35081 | Shoals:2 | Killed Polyphemus
 35475 | Shoals:2 | Found Loseimpyjel's Mass Market.
 35703 | Shoals:2 | Noticed Frances
 35719 | Shoals:2 | Killed Frances
 35963 | Shoals:3 | Received a gift from Trog
 36000 | Shoals:3 | Noticed Bai Suzhen
 36023 | Shoals:3 | Killed Bai Suzhen
 36024 | Shoals:3 | Noticed Ilsuiw
 36044 | Shoals:3 | HP: 3/100 [merfolk (5)]
 36044 | Shoals:3 | Killed Ilsuiw
 36554 | Shoals:3 | Reached XP level 19. HP: 104/105 MP: 18/20
 36916 | Shoals:3 | Received a gift from Trog
 36935 | Shoals:3 | Found Vutab's CLEARANCE SALE!.
 36952 | Shoals:3 | Bought a wand of iceblast (1) for 20 gold pieces
 37261 | Shoals:4 | Entered Level 4 of the Shoals
 37279 | Shoals:4 | Noticed Donald
 37324 | Shoals:4 | HP: 2/106 [Donald (15)]
 37325 | Shoals:4 | Demolished by Donald

Illustrated notes

Levels and vault maps discovered:
D:1:      dpeg_arrival_castle, layout_loops_ring, serial_forest,
          infiniplex_forest_clump_double, infiniplex_forest_lined_ring,
          infiniplex_forest_lined_2, infiniplex_forest_lined_room_,
          shapermc_ecumenical_altar_flowoftime, minmay_distorted
D:2:      layout_loops_corners
D:3:      minmay_roachtagon, layout_basic, serial_shops, shop,
          minmay_misc_feat_pillars
D:4:      layout_basic, nicolae_sif_muna_little_library,
          gammafunk_ghost_mausoleum
D:5:      layout_basic, minmay_temple_entry_grid, serial_shops, shop_fountains,
          uniq_prince_ribbit1, uniq_blork_the_orc, uniq_duvessa, uniq_grinder
D:6:      layout_loops_ring, nicolae_qazlal_general_emergency,
          grunt_temple_overflow_open
D:7:      layout_basic
D:8:      layout_basic, dk_noncrumbling_2, minmay_liquid_box, eino_jars
D:9:      layout_irregular_city
D:10:     layout_long_grid, kennysheep_island_fort, uniq_josephine
D:11:     layout_cave_pools, grunt_lair_entry_orc_guard_hut, erik_orc_1,
          nicolae_trove_entry_crossroad
D:12:     layout_loops_corners, uniq_snorg, uniq_maurice
D:13:     layout_rooms, david_vaults_2, gauntlet_entry_generic
D:14:     layout_basic, okawaru_trees_2
D:15:     hangedman_depths_entry_civil_slaughter, layout_cave_pools,
          pdpol_wu_jian_five_deadly_venoms, special_room
          [special_room_mythical_zoo], skrybe_limestone_x, st_stairs_5,
          kiku_gazebo_pond_becter, uniq_kirke, uniq_louise
Lair:1:   layout_layer_cave, nicolae_lair_lindhole, grunt_megastairs_5
Lair:2:   layout_long_grid, spider_nest_entry_a,
          portal_ice_cave_entry_ice_simulacra, serial_bayou_shore_a, uniq_fannar
Lair:3:   layout_layer_cave, shoals_dummy_entry, gammafunk_ghost_arena,
          grunt_forest_large_clearings
Lair:4:   layout_cave_pods, serial_rivers, chequers_serial_rivers_large_a,
          chequers_serial_rivers_micro_d, chequers_serial_rivers_micro_a,
          chequers_serial_rivers_micro_a, chequers_serial_rivers_micro_b
Lair:5:   layout_concentric_octagons, grunt_megastairs_4
Lair:6:   grunt_lair_end_beastmaster, layout_regular_city,
          minmay_slime_entry_jelly_boxes, gammafunk_ghost_cemetery
Shoals:1: layout_shoals, ebering_ghost_rock_garden, uniq_aizul
Shoals:2: layout_shoals, minmay_shop_mass, uniq_polyphemus, uniq_frances
Shoals:3: layout_shoals, nicolae_shop_clearance, uniq_ilsuiw, uniq_bai_suzhen
Shoals:4: shoals_end_hellmonk_lost_city, uniq_donald, uniq_nikola
Spider:1: layout_spider_delve
Spider:2: layout_spider_delve, uniq_jorgrun
Spider:3: layout_chambers, hellmonk_spider_spawner
Spider:4: grunt_spider_rune_circles, hangedman_spider_tarantella_strand
Orc:1:    layout_diamond_mine, guppyfry_orc_lava_fort
Orc:2:    st_orc_elflike, layout_caves

Skill      XL: |  1  2  3  4  5  6  7  8  9 10 11 12 13 14 15 16 17 18 19 |
---------------+----------------------------------------------------------+-----
Short Blades   | 3 4 5 6 7 9 10 | 10.0
Fighting       | 3 4 5 6 7 8 9 11 12 13 14 | 14.1
Armour         | 2 3 4 6 7 8 9 10 11 12 13 | 13.5
Shields        | 3 6 7 9 10 13 15 16 17 | 17.7
Throwing       | 2 6 10 12 13 | 13.8
Evocations     | 5 6 |  6.0
Dodging        | 4 7 8 9 |  9.0

Action                   |  1- 3 |  4- 6 |  7- 9 | 10-12 | 13-15 | 16-18 | 19-21 || total
-------------------------+-------+-------+-------+-------+-------+-------+-------++-------
Melee: Dagger            |   166 |   215 |   382 |  1007 |  2197 |       |       ||  3967
       Bite              |    46 |    62 |   125 |   383 |  1305 |  1172 |   103 ||  3196
       Short sword       |     2 |       |       |       |       |       |       ||     2
       Punch             |     1 |     1 |     6 |     1 |       |       |       ||     9
       Quick blade       |       |       |       |       |   697 |  2556 |   237 ||  3490
Throw: Javelin           |       |       |     1 |       |       |     2 |       ||     3
       Dart              |       |       |       |       |    25 |    24 |       ||    49
       Boomerang         |       |       |       |       |       |     4 |     3 ||     7
Invok: Berserk           |     1 |     4 |     8 |    10 |    11 |     9 |       ||    43
       Trog's Hand       |       |     1 |     1 |     1 |     2 |     7 |       ||    12
       Brothers in Arms  |       |       |       |     2 |     3 |     5 |       ||    10
Evoke: Tin of tremorston |       |       |       |       |     1 |     3 |       ||     4
       Condenser vane    |       |       |       |       |       |     2 |       ||     2
       Phial of floods   |       |       |       |       |       |     1 |       ||     1
  Use: Scroll            |       |       |    12 |    14 |     9 |       |       ||    35
       Potion            |       |       |       |       |     1 |       |       ||     1
 Stab: Confused          |       |       |       |     2 |       |       |       ||     2
       Petrified         |       |       |       |       |     7 |     4 |       ||    11
       Petrifying        |       |       |       |       |       |     1 |       ||     1
Armor: Animal skin       |     3 |       |       |       |       |       |       ||     3
       Plate armour      |    52 |    95 |    13 |       |       |       |       ||   160
       Chain mail        |       |       |   103 |   300 |   709 |   731 |    82 ||  1925
Dodge: Dodged            |    67 |    51 |    86 |   326 |   613 |   733 |    81 ||  1957
Block: Other             |       |       |    48 |    37 |       |       |       ||    85
       Buckler           |       |       |       |   122 |    17 |       |       ||   139
       Reflection        |       |       |       |     3 |       |       |       ||     3
       Kite shield       |       |       |       |       |   772 |  1117 |   135 ||  2024
